 Dungeon Crawl Stone Soup version 0.30-a0-859-gf88a04b62d (webtiles) character file.

Game seed: 18427173330631271740

5112 Newt the Skirmisher (level 10, -4/59 HPs)
             Began as a Kobold Hunter on Mar 6, 2023.
             Was an Elder of Qazlal.
             Killed by divine providence
             ... invoked by an orc priest
              (13 damage)
             ... on level 9 of the Dungeon.
             The game lasted 00:09:37 (10123 turns).

Newt the Skirmisher (Kobold Hunter)                Turns: 10123, Time: 00:09:39

Health: -4/59      AC: 16    Str:  8    XL:     10   Next: 88%
Magic:  16/16      EV: 18    Int: 11    God:    Qazlal [****..]
Gold:   504        SH:  5    Dex: 23    Spells: 15/17 levels left

rFire   . . .      SeeInvis .    a - +0 shortbow
rCold   . . .      Faith    .    (shield currently unavailable)
rNeg    . . .      Spirit   .    c - +0 leather armour
rPois   .          Reflect  .    (no helmet)
rElec   .          Rampage  .    w - +0 cloak
rCorr   .                        v - +1 pair of gloves
Will    +....                    (no boots)
Stlth   ++                       (no amulet)
HPRegen 0.29/turn                j - +4 ring of protection
MPRegen 0.15/turn                t - +4 ring of protection

@: wereblooded (expiring), repel missiles
A: small, no large weapons, nightstalker 3, iridescent scales 1, strong-willed
1, evolution 1
a: Renounce Religion, Upheaval, Elemental Force


You were on level 9 of the Dungeon.
You worshipped Qazlal.
Qazlal was greatly pleased with you.
You visited 1 branch of the dungeon, and saw 9 of its levels.
You also visited: Sewer.

You collected 504 gold pieces.

Inventory:

Hand Weapons
 a - a +0 shortbow (weapon)
Missiles
 g - 6 silver boomerangs
 s - a throwing net
Armour
 c - a +0 leather armour (worn)
 v - a +1 pair of gloves (worn)
 w - a +0 cloak (worn)
 y - +0 swamp dragon scales
Jewellery
 j - a +4 ring of protection (left hand)
 t - a +4 ring of protection (right hand)
 u - the Hermit's Pendant {Faith Invo=14 Evo=0 MP+5}
   (You found it on level 5 of the Dungeon)

   [amulet of faith]

   Invo=14: It sets your Invocations skill to 14.
   Evo=0: It sets your Evocations skill to 0.
   It allows you to gain divine favour quickly.
   MP:        It affects your magic capacity (+5).
 x - a ring of wizardry
 C - a +6 ring of intelligence
Wands
 f - a wand of iceblast (5)
 p - a wand of flame (24)
 D - a wand of charming (14)
Scrolls
 b - a scroll of immolation
 d - 3 scrolls of vulnerability
 k - a scroll of silence
 m - 2 scrolls of fear
 A - a scroll of teleportation
 B - a scroll of identify
Potions
 e - a potion of curing
 h - 2 potions of attraction
 i - 3 potions of mutation
 l - a potion of might
 n - a potion of brilliance
 o - 2 potions of haste
 q - 2 potions of flight
 r - 2 potions of degeneration
 z - a potion of ambrosia


   Skills:
 - Level 5.0 Fighting
 - Level 14.0 Ranged Weapons
 - Level 4.0 Armour
 - Level 6.0 Dodging
 - Level 1.3 Stealth
 - Level 4.0 Spellcasting
 + Level 4.9 Transmutations
 - Level 6.0 Evocations


You had 15 spell levels left.
You knew the following spells:

 Your Spells              Type           Power      Damage    Failure   Level
a - Wereblood             Tmut           12%        N/A       7%          2

Your spell library contained the following spells:

 Spells                   Type           Power      Damage    Failure   Level
 Beastly Appendage        Tmut           24%        N/A       4%          1
 Kiss of Death            Conj/Necr      8%         2d6       32%         1
 Necrotise                Necr           8%         1d4       32%         1
 Spider Form              Tmut/Pois      7%         N/A       36%         3
 Blink                    Tloc           4%         N/A       45%         2
 Confusing Touch          Hex            2%         N/A       69%         3
 Portal Projectile        Hex/Tloc       4%         N/A       69%         3
 Tukima's Dance           Hex            2%         N/A       69%         3
 Vampiric Draining        Necr           2%         2d6       69%         3
 Blade Hands              Tmut           6%         N/A       77%         5
 Dispel Undead            Necr           2%         3d7       97%         4
 Manifold Assault         Tloc           2%         N/A       97%         4
 Agony                    Necr           2%         N/A       100%        5
 Storm Form               Tmut/Air       3%         N/A       100%        7
 Chain Lightning          Conj/Air       1%         3d1       100%        9
 Fire Storm               Conj/Fire      1%         7d1       100%        9
 Shatter                  Erth           1%         3d5*      100%        9


Dungeon Overview and Level Annotations

Branches:
Dungeon (9/15)             Temple (0/1) D:5           Sewer (visited)
   Lair: D:8-11         Orc: D:9-12

Altars:
Ashenzari
Dithmenos
Kikubaaqudgha
Qazlal
Trog
Vehumet
Zin

Annotations:
D:5 2 runed translucent doors


Innate Abilities, Weirdness & Mutations

You are small and have problems with some larger weapons.
You are completely attuned to the shadows.
You are partially covered in iridescent scales. (AC +2)
You are strong-willed. (Will+)
You have hidden genetic potential.


Message History

The orc priest is healed somewhat.
You block the orc warrior's attack.
Fire: a) +0 shortbow
Press: ? - help, Shift-Dir - straight line, f/p - orc priest
Aim: an orc priest, wielding a +0 flail (73% to hit)
You shoot an arrow. The arrow hits the orc warrior.
You feel a bit better.
You kill the orc warrior!
Qazlal accepts your kill.
Your primal bloodlust is almost over.
The orc priest calls upon Beogh to heal the orc priest.
The orc priest's wounds heal themselves!
Fire: a) +0 shortbow
Press: ? - help, Shift-Dir - straight line, f/p - orc priest
Aim: an orc priest, wielding a +0 flail (74% to hit)
You shoot an arrow. The arrow barely misses the orc priest.
The arrow completely misses the orc priest.
The arrow hits the orc priest!
You kill the orc priest!
Qazlal accepts your kill.
The orc priest hits you but does no damage.
Fire: a) +0 shortbow
Press: ? - help, Shift-Dir - straight line, f - orc priest
Aim: an orc priest, wielding a +0 hand axe (moderately wounded, 74% to hit)
You shoot an arrow.
The arrow barely misses the orc priest. x2
The arrow hits the orc priest!
The orc priest is almost dead.
You hear a shout! x2
The orc priest calls down the wrath of Beogh upon you.
Beogh smites you!
* * * LOW HITPOINT WARNING * * *
The orc priest calls down the wrath of Beogh upon you.
Beogh smites you!
* * * LOW HITPOINT WARNING * * *
An orc comes into view. It is wielding a +0 club.
You feel better.
You hear a shout!
The howler monkey hoots and howls with incredible vigour!
You block the orc priest's attack.
The orc priest invokes the aid of Beogh against you.
Beogh smites you!
You die...

.... .... ....
.ooo############
..hooo@........#
.#############.#
#.# #.# ####.#
.....# .....#
.....# ####.#


You could see a howler monkey (catching breath), 3 orc priests and 2 orcs.

Vanquished Creatures
  Pikel (D:5)
  Maggie (D:7)
  Prince Ribbit (D:6)
  4 yaks (D:7)
  A wraith (D:5)
  A steam dragon (D:6)
  3 water moccasins
  2 orc warriors
  A sky beast (D:8)
  2 ice beasts
  4 ogres
  2 centaurs
  Blork the orc (D:4)
  3 bullfrogs
  5 scorpions
  6 wights
  3 killer bees (D:7)
  3 howler monkeys (D:8)
  4 hounds
  6 orc priests
  2 gnoll boudas
  2 jellies (D:7)
  Crazy Yiuf (D:6)
  Terence (D:3)
  4 orc wizards
  A hell rat (Sewer)
  Robin (D:2)
  12 gnolls
  4 river rats (Sewer)
  5 adders
  A shadow imp (D:8)
  4 white imps
  An ufetubus (D:6)
  3 worms
  3 dart slugs
  32 orcs
  5 bats
  6 endoplasms
  2 giant cockroaches (D:2)
  14 goblins
  9 hobgoblins
  3 jackals (D:2)
  5 quokkas
  4 ball pythons
  2 frilled lizards
  5 kobolds
  15 rats
  A butterfly (D:5)
202 creatures vanquished.

Vanquished Creatures (others)
  2 fungi (D:6)
2 creatures vanquished.

Grand Total: 204 creatures vanquished

Notes
Turn   | Place    | Note
-------+----------+-------------------------------------------
     0 | D:1      | Newt the Kobold Hunter began the quest for the Orb.
     0 | D:1      | Reached XP level 1. HP: 12/12 MP: 1/1
   291 | D:1      | Reached XP level 2. HP: 18/18 MP: 2/2
  1127 | D:2      | Noticed Robin
  1128 | D:2      | Reached XP level 3. HP: 23/23 MP: 3/3
  1131 | D:2      | Killed Robin
  1421 | D:2      | Reached XP level 4. HP: 30/30 MP: 4/4
  1470 | D:2      | Found a stormy altar of Qazlal.
  1480 | D:2      | Became a worshipper of Qazlal Stormbringer
  1947 | D:2      | Reached skill level 5 in Fighting
  1958 | D:2      | Reached XP level 5. HP: 15/35 MP: 5/5
  2362 | D:3      | Reached skill level 6 in Ranged Weapons
  2397 | D:3      | Reached skill level 7 in Ranged Weapons
  2397 | D:3      | Reached XP level 6. HP: 19/40 MP: 6/6
  2616 | D:3      | Noticed Terence
  2632 | D:3      | Killed Terence
  2836 | D:3      | Reached * piety under Qazlal
  2851 | D:3      | Reached skill level 8 in Ranged Weapons
  3499 | D:4      | Noticed an ogre
  3510 | D:4      | Killed an ogre
  3511 | D:4      | Reached skill level 9 in Ranged Weapons
  3511 | D:4      | Reached XP level 7. HP: 33/44 MP: 7/7
  3574 | D:4      | Noticed Blork the orc
  3580 | D:4      | Killed Blork the orc
  3799 | D:4      | Found a glowing silver altar of Zin.
  4407 | D:5      | Entered Level 5 of the Dungeon
  4436 | D:5      | Found a glowing drain.
  4440 | Sewer    | Entered a sewer
  4465 | Sewer    | Reached ** piety under Qazlal
  4712 | D:5      | Reached skill level 10 in Ranged Weapons
  4714 | D:5      | Reached XP level 8. HP: 15/49 MP: 8/8
  5065 | D:5      | Found a large runed translucent door.
  5065 | D:5      | Found a large runed translucent door.
  5216 | D:5      | Noticed Pikel
  5232 | D:5      | Killed Pikel
  5469 | D:5      | Reached skill level 5 in Evocations
  6403 | D:5      | Found a broken altar of Ashenzari.
  6493 | D:5      | Found a staircase to the Ecumenical Temple.
  6516 | D:5      | Found a faded altar of an unknown god.
  6516 | D:5      | Noticed a wraith
  6516 | D:5      | Found the Hermit's Pendant {Faith Invo=14 Evo=0 MP+5}
  6540 | D:5      | Killed a wraith
  6541 | D:5      | Reached skill level 1 in Armour
  6541 | D:5      | Reached XP level 9. HP: 52/54 MP: 9/9
  6611 | D:5      | Found a shadowy altar of Dithmenos.
  6611 | D:5      | Found a radiant altar of Vehumet.
  7209 | D:6      | Noticed Prince Ribbit
  7215 | D:6      | Killed Prince Ribbit
  7504 | D:6      | Reached skill level 11 in Ranged Weapons
  7653 | D:6      | Reached *** piety under Qazlal
  7903 | D:6      | Reached skill level 12 in Ranged Weapons
  8362 | D:6      | Reached XP level 10. HP: 52/59 MP: 10/10
  8453 | D:6      | Found a runed translucent door.
  8456 | D:6      | Noticed Crazy Yiuf
  8458 | D:6      | Killed Crazy Yiuf
  8626 | D:7      | Reached skill level 13 in Ranged Weapons
  8652 | D:7      | Reached skill level 14 in Ranged Weapons
  8652 | D:7      | Reached skill level 1 in Spellcasting
  8652 | D:7      | Reached skill level 1 in Transmutations
  8669 | D:7      | Learned a level 2 spell: Wereblood
  8750 | D:7      | Noticed Maggie
  8769 | D:7      | Killed Maggie
  9580 | D:8      | Found a bloodstained altar of Trog.
  9598 | D:8      | Found an ancient bone altar of Kikubaaqudgha.
  9623 | D:8      | Found the +8 longbow "Zephyr" {speed, Dex+3 SInv}
  9882 | D:8      | Gained mutation: You are partially covered in iridescent
                  | scales. (AC +2) [potion of mutation]
  9882 | D:8      | Gained mutation: You are strong-willed. (Will+) [potion of
                  | mutation]
  9882 | D:8      | Gained mutation: You have hidden genetic potential. [potion
                  | of mutation]
 10105 | D:9      | Reached **** piety under Qazlal
 10122 | D:9      | HP: 2/59 [orc priest/divine providence (15)]
 10123 | D:9      | Killed from afar by an orc priest

Illustrated notes

Levels and vault maps discovered:
D:1:      spicycebolla_arrival_ecumenical, layout_basic
D:2:      layout_loops_corners, basic_altar, uniq_robin
D:3:      layout_rooms, uniq_terence
D:4:      layout_gridville, zin_treasury, dk_noncrumbling_2, uniq_blork_the_orc
D:5:      layout_loops_corners, mainiacjoe_overflow_surrounded_room,
          gammafunk_temple_overflow_wave, minmay_temple_entry_butterflies,
          ebering_ghost_disaster_area, gup_sewer_entry_bowl,
          hellmonk_guarded_unrand_hermit, uniq_pikel
D:6:      layout_loops_corners, st_stairs_7, uniq_prince_ribbit1,
          uniq_crazy_yiuf_cottage
D:7:      layout_loops_ring, uniq_maggie
D:8:      layout_rooms, general_overflow_altar, bloody_trog
D:9:      layout_long_grid, lemuel_crystal_altar, minmay_lair_entry_grove

Skill      XL: |  1  2  3  4  5  6  7  8  9 10 |
---------------+-------------------------------+-----
Fighting       | 3 4 5 |  5.0
Ranged Weapons | 7 9 10 12 14 | 14.0
Dodging        | 4 6 |  6.0
Evocations     | 6 |  6.0
Armour         | 1 4 |  4.0
Spellcasting   | 4 |  4.0
Transmutations | 4 |  4.9
Stealth        | |  1.3

Action                     |  1- 3 |  4- 6 |  7- 9 | 10-12 || total
---------------------------+-------+-------+-------+-------++-------
  Melee: Shortbow          |       |     2 |       |       ||     2
   Fire: Shortbow          |    52 |   152 |   368 |   202 ||   774
   Cast: Wereblood         |       |       |       |     4 ||     4
  Evoke: Wand              |       |     2 |     1 |     1 ||     4
    Use: Scroll            |     2 |     7 |     4 |     2 ||    15
         Potion            |     1 |     1 |     1 |     3 ||     6
 Armour: Leather armour    |     2 |    25 |    70 |    37 ||   134
  Dodge: Dodged            |    15 |    58 |   231 |   123 ||   427
  Block: Other             |       |     2 |    41 |    38 ||    81

Table legend: (Time is in decaauts)
 A = Elapsed time spent in this place.
 B = Non-inter-level travel time spent in this place.
 C = Inter-level travel time spent in this place.
 D = Time resting spent in this place.
 E = Time spent auto-exploring this place.
 F = Levels seen in this place.
 G = Mean time per level.
                   A        B        C        D        E       F      G
               +--------+--------+--------+--------+--------+-----+--------+
         Total |  10156 |   9875 |    281 |   1870 |   6764 |  10 | 1015.6 |
       Dungeon |   9892 |   9611 |    281 |   1805 |   6642 |   9 | 1099.1 |
         Sewer |    264 |    264 |      0 |     65 |    122 |   1 |  264.0 |
               +--------+--------+--------+--------+--------+-----+--------+

Top non-repeatable levels by time:
     D:5: 2345 daAuts
     D:6: 1553 daAuts
     D:2: 1342 daAuts
     D:4: 1101 daAuts
     D:3: 1007 daAuts
     D:1: 1006 daAuts
     D:7: 896 daAuts
     D:8: 563 daAuts
   Sewer: 264 daAuts
     D:9: 75 daAuts
